 Dungeon Crawl Stone Soup version 0.30-a0-782-ge64f9170bb (webtiles) character file.

Game seed: 6712284873087159770

21 tilp the Shield-Bearer (level 3, -2/31 HPs)
             Began as a Meteoran Fighter on Mar 11, 2023.
             Splashed by a jelly's acid (7 damage)
             ... on level 3 of the Dungeon.
             The game lasted 00:01:09 (213 turns).

tilp the Shield-Bearer (Meteoran Fighter)            Turns: 213, Time: 00:01:09

Health: -2/31      AC:  2    Str: 17    XL:     3   Next: 17%
Magic:  4/4        EV:  9    Int: 10    God:
Gold:   40         SH:  5    Dex: 15    Spells: 2/2 levels left

rFire   . . .      SeeInvis .    a - +0 long sword
rCold   . . .      Faith    .    c - +0 buckler
rNeg    . . .      Spirit   .    b - +0 scale mail
rPois   .          Reflect  .    (no helmet)
rElec   .          Harm     .    (no cloak)
rCorr   .          Rampage  .    (no gloves)
Will    .....                    (no boots) Stlth
                                 (no amulet)
HPRegen 0.25/turn                (no ring)
MPRegen 0.09/turn                (no ring)

@: corroded, glowing
A: sense surroundings 1, otherworldly, glowing, explore regen
a: no special abilities


You were on level 3 of the Dungeon.
You visited 1 branch of the dungeon, and saw 4 of its levels.

You collected 40 gold pieces.

Inventory:

Hand Weapons
 a - a +0 long sword (weapon)
Missiles
 e - 10 stones (quivered)
 i - 5 boomerangs
Armour
 b - a +0 scale mail (worn)
 c - a +0 buckler (worn)
Scrolls
 h - a scroll of silence
Potions
 d - 2 potions of might
 f - a potion of degeneration {unknown}
 g - 2 potions of flight {unknown}


   Skills:
 + Level 3.6 Fighting
 * Level 3.2 Long Blades
 - Level 3.6 Armour
 + Level 1.2 Dodging
 - Level 3.6 Shields


You had 2 spell levels left.
You didn't know any spells.
Your spell library was empty.

Dungeon Overview and Level Annotations

Branches:
Dungeon (4/15) Zot: 2180
 Temple: D:4-7

Altars:


Innate Abilities, Weirdness & Mutations

You passively map a small area around you.
You are easily found by Zot.
You glow in the dark.
You regain HP and MP as you explore.


Message History

You are no longer poisoned.
There is a stone staircase leading down here.
You climb downwards.
There is a stone staircase leading up here.
You climb upwards.
There is a stone staircase leading down here.
You now have 18 gold pieces.
Found 5 stones.
You now have 37 gold pieces (gained 19).
You feel your willpower return.
Found a glowing copper wand.
Found a potion of might.
Found a runed leather armour and a murky amethyst potion.
Found 3 gold pieces.
Found 5 boomerangs and 2 bubbling coppery potions.
d - 2 potions of might (gained 1)
You now have 40 gold pieces (gained 3).
f - a murky amethyst potion
g - 2 bubbling coppery potions
i - 5 boomerangs A jelly comes into view.
Found a dagger.
The jelly quivers.
You hit the jelly but do no damage.
Your hands burn!
The jelly hits you but does no damage. The jelly hits you.
You are splashed with acid!
You hit the jelly.
Your hands burn!
The jelly is lightly wounded.
The jelly barely misses you.
You hit the jelly.
Your hands burn!
* * * LOW HITPOINT WARNING * * *
The jelly is moderately wounded.
The jelly hits you but does no damage.
You hit the jelly. The acid corrodes you!
Your hands burn!
* * * LOW HITPOINT WARNING * * *
The jelly is heavily wounded.
The jelly hits you.
* * * LOW HITPOINT WARNING * * *
You are splashed with acid!
You die...

, * * #.####..###... , *
#.#.# #.......# #### *
.#.# ###.....# # *
...####...#.## *
../........#
)..###....## *
##......##.### ##.J.####
#...#
####..@#########.######
,
......................#.
...###.##########.......
. #.* #........ , ..*
#........ * ###*
#....[... ##....... *
##...##. , #######


You could see a jelly.

Vanquished Creatures
  2 adders
  An orc (D:3)
3 creatures vanquished.

Vanquished Creatures (others)
  2 plants (D:3)
2 creatures vanquished.

Grand Total: 5 creatures vanquished

Notes
Turn   | Place    | Note
-------+----------+-------------------------------------------
     0 | D:1      | tilp the Meteoran Fighter began the quest for the Orb.
     0 | D:1      | Reached XP level 1. HP: 19/19 MP: 2/2
    67 | D:2      | Reached XP level 2. HP: 26/26 MP: 3/3
   118 | D:3      | Reached skill level 1 in Dodging
   118 | D:3      | Reached XP level 3. HP: 22/31 MP: 4/4
   213 | D:3      | Splashed by a jelly's acid

Illustrated notes

Levels and vault maps discovered:
D:1:      roderic_chinese_lattice_arrival, layout_loops_ring, serial_bayou,
          serial_bayou_pond_e, serial_bayou_crossing, serial_bayou_pond_c,
          serial_bayou_pond_a, serial_bayou_pond_d, serial_bayou_pond_d
D:2:      layout_loops_ring, basic_altar
D:3:      cheibrodos_old_hovel, layout_rooms, minmay_close_crescents, uniq_ijyb,
          uniq_jessica, uniq_crazy_yiuf_cottage
D:4:      layout_basic, minmay_temple_entry_overgrown, serial_shops,
          nicolae_square_shop, uniq_edmund

Skill      XL: |  1  2 |
---------------+-------+-----
Long Blades    | 3 |  3.2
Dodging        | 1 |  1.2
Fighting       | |  3.6
Armour         | |  3.6
Shields        | |  3.6

Action                     || total
---------------------------++-------
  Melee: Long sword        ||    19
    Use: Scroll            ||     2
 Armour: Scale mail        ||    11
  Dodge: Dodged            ||     6
  Block: Buckler           ||     4

Table legend: (Time is in decaauts)
 A = Elapsed time spent in this place.
 B = Non-inter-level travel time spent in this place.
 C = Inter-level travel time spent in this place.
 D = Time resting spent in this place.
 E = Time spent auto-exploring this place.
 F = Levels seen in this place.
 G = Mean time per level.
                   A        B        C        D        E       F      G
               +--------+--------+--------+--------+--------+-----+--------+
         Total |    218 |    218 |      0 |      0 |      0 |   4 |   54.5 |
       Dungeon |    218 |    218 |      0 |      0 |      0 |   4 |   54.5 |
               +--------+--------+--------+--------+--------+-----+--------+

Top non-repeatable levels by time:
     D:3: 124 daAuts
     D:1: 57 daAuts
     D:2: 35 daAuts
     D:4: 1 daAuts
